 Dungeon Crawl Stone Soup version 0.31-a0-1549-g5ff9445e89 (webtiles) character file.

Game seed: 6610539699203128757

1249 Xavori the Trooper (level 8, -1/52 HPs)
             Began as a Djinni Chaos Knight on Jan 3, 2024.
             Was a Plaything of Xom.
             Slain by justen's ghost (6 damage)
             ... on level 6 of the Dungeon.
             The game lasted 00:05:21 (13080 turns).

Xavori the Trooper (Djinni Chaos Knight)           Turns: 13080, Time: 00:05:21

Health: -1/52      AC:  9    Str: 10      XL:     8   Next: 80%
Gold:   283        EV: 14    Int: 12 (13) God:    Xom [.*....] SH:  0 Dex: 19

rFire   + + +        a - +0 falchion (chaos)
rCold   x . .        (no shield)
rNeg    + . .        b - +2 leather armour
rPois   ∞            (helmet restricted)
rElec   .            n - +1 cloak
rCorr   +            (no gloves)
SInv    .            (boots unavailable)
Will    .....        q - amulet of faith
Stlth   +            h - ring of resist corrosion
HPRegen 1.08/turn    y - ring of positive energy
MPRegen 0.00/turn

%: random rage (3%), faith, infuse magic (-2 HP)
@: mighty, flying
A: sickness immunity, fire resistance 3, cold vulnerability 1, float, innate
caster, HP casting, extra vitality 1, horns 1, iridescent scales 1, agile 1,
berserk 1, deterioration 1, frail 1, sense surroundings 1, regeneration 1
a: Renounce Religion


You were on level 6 of the Dungeon.
You worshipped Xom.
You were a plaything of Xom.
You visited 1 branch of the dungeon, and saw 6 of its levels.

You collected 283 gold pieces.

Inventory:

Hand Weapons
 a - a +0 falchion of chaos (weapon)
Armour
 b - a +2 leather armour (worn)
 n - a +1 cloak (worn)
Jewellery
 h - a ring of resist corrosion (left hand)
 q - an amulet of faith (around neck)
 y - a ring of positive energy (right hand)
Wands
 t - a wand of mindburst (12)
 A - a wand of polymorph (10)
 B - a wand of flame (17)
Scrolls
 c - a scroll of butterflies
 d - a scroll of fog {unknown}
 g - 2 scrolls of enchant armour {unknown}
 i - 3 scrolls of teleportation
 j - a scroll of poison {unknown}
 k - a scroll of blinking {unknown}
 o - 2 scrolls of vulnerability {unknown}
 p - 2 scrolls of noise {unknown}
 r - 2 scrolls of revelation {unknown}
 s - a scroll of torment {unknown}
 v - a scroll of fear {unknown}
 x - a scroll of enchant weapon {unknown}
 z - 2 scrolls of identify {unknown}
Potions
 e - 2 potions of curing {unknown}
 f - a potion of magic {unknown}
 l - 2 potions of brilliance {unknown}
 m - 2 potions of lignification {unknown}
 u - a potion of haste {unknown}
 w - a potion of might


   Skills:
 + Level 4.9 Fighting
 + Level 4.5 Long Blades
 + Level 3.9 Armour
 + Level 4.8 Dodging
 * Level 4.4 Spellcasting
 * Level 4.4 Conjurations
 * Level 4.4 Hexes
   Level 0.0 Charms
 * Level 4.4 Summonings
 * Level 4.4 Necromancy
 * Level 4.4 Translocations
   Level 0.0 Transmutations
 * Level 4.4 Fire Magic
 * Level 4.4 Ice Magic
 * Level 4.4 Air Magic
 * Level 4.4 Earth Magic
 * Level 4.4 Alchemy


You knew the following spells:

 Your Spells              Type           Power      Damage    Failure   Level
a - Summon Small Mammal   Summ           52%        N/A       4%          1
b - Call Imp              Summ           26%        N/A       7%          2
c - Scorch                Fire           26%        2d6       7%          2
Your spell library was empty.

Dungeon Overview and Level Annotations

Branches:
Dungeon (6/15)
 Temple: D:4-7

Altars:
Dithmenos
Elyvilon
Ru

Annotations:
D:6 justen's ghost, novice GrCA


Innate Abilities, Weirdness & Mutations

You are immune to sickness and miasma.
You are immune to poison.
Your flesh is almost immune to the effects of heat. (rF+++)
You are vulnerable to cold. (rC-)
You float through the air rather than walking.
You learn spells naturally, not from books.
Your magical power is your life essence.
You have superior vitality. (+4 MHP)
You have a pair of small horns on your head.
You are partially covered in iridescent scales. (AC +2)
You are agile. (Dex +4, Str/Int -1)
You sometimes lose your temper in combat.
Your body sometimes deteriorates upon taking damage.
You are frail. (-10% HP)
You passively map a small area around you.
Your natural rate of healing is unusually fast.


Message History

You slash justen's ghost!
Justen's ghost convulses!
Justen's ghost is severely damaged.
Justen's ghost barely misses you.
Your cerulean imp hits justen's ghost from afar with a -3 spear.
You hit justen's ghost. You freeze justen's ghost.
Justen's ghost is severely damaged.
Justen's ghost barely misses you.
Your cerulean imp closely misses justen's ghost.
You hit justen's ghost but do no damage.
Justen's ghost seems to speed up.
Justen's ghost is severely damaged.
Justen's ghost shouts, "You will never get the ORB!"
Justen's ghost hits you.
Your cerulean imp closely misses justen's ghost.
Justen's ghost hits you!
You hit justen's ghost. You freeze justen's ghost.
Justen's ghost is almost destroyed.
Justen's ghost misses you.
Your cerulean imp misses justen's ghost.
You barely miss justen's ghost.
Justen's ghost is almost destroyed.
Xom makes a sudden noise!
You hear snatches of song.
Justen's ghost hits you.
Your cerulean imp hits justen's ghost but does no damage.
You closely miss justen's ghost.
You headbutt justen's ghost, but do no damage.
Justen's ghost is almost destroyed.
Justen's ghost hits you.
Your cerulean imp hits justen's ghost with a -3 spear.
You hit justen's ghost but do no damage.
The your falchion of chaos misses justen's ghost.
Justen's ghost is almost destroyed.
Justen's ghost hits you but does no damage.
The bullfrog simulacrum hits you.
* * * LOW HITPOINT WARNING * * *
The bullfrog simulacrum freezes you!
You feel a terrible chill!
* * * LOW HITPOINT WARNING * * *
Your cerulean imp hits justen's ghost but does no damage.
Justen's ghost hits you.
You die...

...#..# ,.5...#..##....# ##
...#..#5..=W..#..#.....## #.
##.#..#*.....##..#......# #.
##.##..##(?###...#....#.########.
##..#...####....##............##.
###.##........Y.#...####..###.##.
# #..#...5.....##...# ##......#.
###..##.....Y5##....# #####..##
..'...###'''###Z@...# #....
###..........5...W..# #....
###........##+#..5..# #####
#.'..............#### #....
###............### #.###
#...........##<## #########.# #
###...........#...# #.......#.# #
...<..........#.♣)# #.......#.# #
.....##.......#)..# #.......#.# #


You could see justen's ghost (fast, ally target), a white imp, a bullfrog
simulacrum and a friendly cerulean imp (summoned).

Vanquished Creatures
  2 ice beasts (D:6)
  A black bear (D:5)
  An ogre (D:6)
  2 scorpions
  A howler monkey (D:6)
  2 jellies
  2 iguanas (D:6)
  4 adders
  A shadow imp (D:6)
  4 white imps (D:6)
  4 dart slugs
  A ribbon worm (D:4)
  11 orcs
  2 bats (D:2)
  4 endoplasms
  2 giant cockroaches
  4 goblins
  7 hobgoblins
  7 jackals
  A quokka (D:3)
  11 ball pythons
  2 frilled lizards
  3 kobolds
  4 rats
83 creatures vanquished.

Vanquished Creatures (collateral kills)
  Menkaure (D:5)
  An ice beast (D:6)
  A phantom (D:5)
  A jelly (D:5)
  A bombardier beetle (D:5)
  A sleepcap (D:5)
  3 orc wizards (D:5)
  A white imp (D:6)
  9 orcs (D:5)
19 creatures vanquished.

Vanquished Creatures (others)
  A howler monkey zombie (D:6)
  An orc zombie (D:5)
2 creatures vanquished.

Grand Total: 104 creatures vanquished

Notes
Turn   | Place    | Note
-------+----------+-------------------------------------------
     0 | D:1      | Xavori the Djinni Chaos Knight began the quest for the Orb.
     0 | D:1      | Reached XP level 1. HP: 20/20 MP: 0/0
    71 | D:1      | Found a faded altar of an unknown god.
   143 | D:1      | Reached XP level 2. HP: 25/25 MP: 0/0
   551 | D:1      | XOM: silly message
  1215 | D:1      | XOM: silly message
  1216 | D:1      | XOM: silly message
  1321 | D:1      | XOM: silly message
  1588 | D:1      | XOM: divination: magic mapping
  1621 | D:1      | XOM: cloud trail
  2181 | D:1      | XOM: silly message
  2201 | D:1      | XOM: god gift: 18 gold pieces
  2813 | D:1      | XOM: give mutations
  2813 | D:1      | Gained mutation: Your body sometimes deteriorates upon
                  | taking damage. [Xom's mischief]
  2813 | D:1      | Gained mutation: You sometimes lose your temper in combat.
                  | [Xom's mischief]
  2813 | D:1      | Lost mutation: Your body sometimes deteriorates upon taking
                  | damage. [Xom's mischief]
  3494 | D:1      | XOM: divination: detect creatures
  3679 | D:1      | XOM: divination: detect creatures
  4573 | D:1      | XOM: give mutations
  4573 | D:1      | Gained mutation: You are weak. (Str -2) [Xom's mischief]
  4573 | D:1      | Lost mutation: You are weak. (Str -2) [Xom's mischief]
  4606 | D:1      | XOM: summons 2 hostile demons
  4607 | D:1      | Noticed a quasit
  5104 | D:1      | XOM: give mutations
  5104 | D:1      | Gained mutation: You have supernaturally acute eyesight.
                  | (SInv) [Xom's mischief]
  5104 | D:1      | Gained mutation: You are frail. (-10% HP) [Xom's mischief]
  5879 | D:1      | XOM: give mutations
  5879 | D:1      | Gained mutation: You are partially covered in iridescent
                  | scales. (AC +2) [Xom's mischief]
  5879 | D:1      | Lost mutation: You have supernaturally acute eyesight.
                  | (SInv) [Xom's mischief]
  6562 | D:1      | XOM: give mutation
  6562 | D:1      | Gained mutation: You are mostly covered in iridescent
                  | scales. (AC +4) [Xom's mischief]
  6944 | D:1      | XOM is BORED!
  7721 | D:1      | XOM: summons 1 hostile shadow creature
  7728 | D:2      | Reached skill level 1 in Spellcasting
  7728 | D:2      | Reached skill level 1 in Conjurations
  7728 | D:2      | Reached skill level 1 in Hexes
  7728 | D:2      | Reached skill level 1 in Summonings
  7728 | D:2      | Reached skill level 1 in Necromancy
  7728 | D:2      | Reached skill level 1 in Translocations
  7728 | D:2      | Reached skill level 1 in Fire Magic
  7728 | D:2      | Reached skill level 1 in Ice Magic
  7728 | D:2      | Reached skill level 1 in Air Magic
  7728 | D:2      | Reached skill level 1 in Earth Magic
  7728 | D:2      | Reached skill level 1 in Alchemy
  7728 | D:2      | Reached XP level 3. HP: 27/27 MP: 0/0
  7728 | D:2      | Learned a level 1 spell: Summon Small Mammal
  7888 | D:2      | XOM: noise
  9376 | D:1      | XOM: give mutations
  9376 | D:1      | Lost mutation: You are mostly covered in iridescent scales.
                  | (AC +4) [Xom's mischief]
  9376 | D:1      | Gained mutation: Your flesh is almost immune to the effects
                  | of heat. (rF+++) [Xom's mischief]
  9376 | D:1      | Gained mutation: Your spells are a little easier to cast,
                  | but a little less powerful. [Xom's mischief]
  9376 | D:1      | Gained mutation: Your body sometimes deteriorates upon
                  | taking damage. [Xom's mischief]
  9378 | D:1      | XOM: give mutations
  9378 | D:1      | Gained mutation: You passively map a small area around you.
                  | [Xom's grace]
  9378 | D:1      | Gained mutation: You are agile. (Dex +4, Str/Int -1) [Xom's
                  | grace]
  9378 | D:1      | Gained mutation: Your natural rate of healing is unusually
                  | fast. [Xom's grace]
  9673 | D:2      | XOM: smoke on damage
  9695 | D:2      | Found a white marble altar of Elyvilon.
  9757 | D:2      | Reached XP level 4. HP: 31/31 MP: 0/0
  9852 | D:2      | XOM: divination: detect creatures
 10276 | D:3      | XOM: 4-stop teleportation journey
 10857 | D:4      | Reached XP level 5. HP: 36/36 MP: 0/0
 10857 | D:4      | Learned a level 2 spell: Call Imp
 10888 | D:4      | XOM: god gift: staff of air
 11087 | D:4      | XOM: divination: magic mapping
 11139 | D:4      | Found a sacrificial altar of Ru.
 11312 | D:4      | Found a shadowy altar of Dithmenos.
 11438 | D:4      | XOM: scenery: 1 doors open
 11441 | D:4      | XOM: give mutations
 11441 | D:4      | Lost mutation: Your spells are a little easier to cast, but
                  | a little less powerful. [Xom's grace]
 11441 | D:4      | Gained mutation: You have a pair of small horns on your
                  | head. [Xom's grace]
 11628 | D:5      | Entered Level 5 of the Dungeon
 11630 | D:5      | Noticed a phantom
 11632 | D:5      | XOM: cast spell 'Summon Dragon'
 11638 | D:5      | Killed a phantom
 11639 | D:5      | Reached XP level 6. HP: 39/42 MP: 0/0
 11639 | D:5      | Noticed Menkaure
 11644 | D:5      | Killed Menkaure
 11645 | D:5      | Reached XP level 7. HP: 45/45 MP: 0/0
 11645 | D:5      | Learned a level 2 spell: Scorch
 11827 | D:5      | XOM: potion effect (heal wounds)
 12205 | D:5      | XOM: noise
 12284 | D:6      | Reached XP level 8. HP: 47/52 MP: 0/0
 12289 | D:6      | XOM: god gift: viscous clear potion {god gift}
 12307 | D:6      | Found a runed translucent gate.
 12307 | D:6      | Found a runed translucent gate.
 12307 | D:6      | Found a runed translucent gate.
 12494 | D:6      | Noticed justen's ghost (novice GrCA)
 12691 | D:6      | XOM: stat loss: -1 Str (9/10)
 12970 | D:6      | XOM: divination: detect creatures
 13078 | D:6      | XOM: noise
 13080 | D:6      | Slain by justen's ghost

Illustrated notes

Levels and vault maps discovered:
D:1:      minmay_arrival_solitary_statue, layout_loops_ring,
          hellmonk_ecumenical_altar_leap_of_faith
D:2:      layout_basic, basic_altar, chequers_serial_rivers_small_3
D:3:      layout_basic, serial_glass, glass_columns_a, glass_columns_c,
          minmay_strange_pillars, due_unseen_surprise,
          nicolae_concentric_dashed_squares_wild, chequers_jeans,
          nicolae_elevator_lobby_plus
D:4:      layout_loops_corners, nicolae_dithmenos_through_a_glass_darkly,
          nicolae_ru_sacrificial_ziggurat, minmay_misc_feat_more_columns
D:5:      layout_basic, uniq_menkaure
D:6:      layout_basic, gammafunk_ghost_icy, grunt_ministairs_5, minivault_5

Skill      XL: |  1  2  3  4  5  6  7  8 |
---------------+-------------------------+-----
Spellcasting   | 1 2 3 4 |  4.4
Conjurations   | 1 2 3 4 |  4.4
Hexes          | 1 2 3 4 |  4.4
Summonings     | 1 2 3 4 |  4.4
Necromancy     | 1 2 3 4 |  4.4
Translocations | 1 2 3 4 |  4.4
Fire Magic     | 1 2 3 4 |  4.4
Ice Magic      | 1 2 3 4 |  4.4
Air Magic      | 1 2 3 4 |  4.4
Earth Magic    | 1 2 3 4 |  4.4
Alchemy        | 1 2 3 4 |  4.4
Long Blades    | 3 4 |  4.5
Armour         | 2 3 |  3.9
Dodging        | 3 4 |  4.8
Fighting       | 4 |  4.9

Action                     |  1- 3 |  4- 6 |  7- 9 || total
---------------------------+-------+-------+-------++-------
  Melee: Falchion          |    70 |    88 |   100 ||   258
         Punch             |     1 |       |     3 ||     4
         Headbutt          |       |     1 |    20 ||    21
   Cast: Scorch            |       |       |    22 ||    22
         Call Imp          |       |       |     5 ||     5
    Use: Scroll            |       |     1 |       ||     1
         Potion            |       |       |     1 ||     1
   Stab: Distracted        |     1 |     1 |       ||     2
 Armour: Leather armour    |    51 |    50 |    61 ||   162
  Dodge: Dodged            |    63 |    58 |    74 ||   195

Table legend: (Time is in decaauts)
 A = Elapsed time spent in this place.
 B = Non-inter-level travel time spent in this place.
 C = Inter-level travel time spent in this place.
 D = Time resting spent in this place.
 E = Time spent auto-exploring this place.
 F = Levels seen in this place.
 G = Mean time per level.
                   A        B        C        D        E       F      G
               +--------+--------+--------+--------+--------+-----+--------+
         Total |  13199 |  13097 |    102 |   9156 |   3189 |   6 | 2199.8 |
       Dungeon |  13199 |  13097 |    102 |   9156 |   3189 |   6 | 2199.8 |
               +--------+--------+--------+--------+--------+-----+--------+

Top non-repeatable levels by time:
     D:1: 9129 daAuts
     D:4: 912 daAuts
     D:6: 882 daAuts
     D:2: 881 daAuts
     D:3: 769 daAuts
     D:5: 624 daAuts
